 Dungeon Crawl Stone Soup version 0.31-a0-1074-g0b22e4e0f1 (webtiles) character file.

Game seed: 12238842941753850351

313 tbh1313 the Digger (level 6, -1/32 HPs)
             Began as a Deep Elf Earth Elementalist on Dec 8, 2023.
             Was an Initiate of Vehumet.
             Slain by a sleepcap (15 damage)
             ... on level 5 of the Dungeon.
             The game lasted 00:08:14 (3775 turns).

tbh1313 the Digger (Deep Elf Earth Elementalist)    Turns: 3775, Time: 00:08:14

Health: -1/32      AC:  6    Str:  7    XL:     6   Next: 19%
Magic:  6/13       EV:  2    Int: 20    God:    Vehumet [......]
Gold:   159        SH:  0    Dex: 15    Spells: 10/11 levels left

rFire   . . .        a - +3 short sword (flame)
rCold   + . .        (no shield)
rNeg    . . .        c - +1 robe
rPois   +            e - +2 helmet
rElec   .            (no cloak)
rCorr   .            (no gloves)
SInv    +            (no boots)
Will    .....        f - amulet of regeneration
Stlth   ++           i - ring of see invisible
HPRegen 1.05/turn    o - ring "Niad" {rPois rC+}
MPRegen 0.13/turn

%: no passive effects
@: sleeping
A: no striking features
a: Renounce Religion


You were on level 5 of the Dungeon.
You worshipped Vehumet.
Vehumet was noncommittal.
You visited 1 branch of the dungeon, and saw 5 of its levels.

You collected 176 gold pieces.
You spent 17 gold pieces at shops.

Inventory:

Hand Weapons
 a - a +3 short sword of flaming (weapon)
 b - a +2 dagger of holy wrath
 r - the +6 sling "Dilimi" {antimagic, Will+ Str+5 Int+3}
   (You found it on level 5 of the Dungeon)

   Str+5:     It affects your strength (+5).
   Int+3:     It affects your intelligence (+3).
   Will+:     It increases your willpower.
Armour
 c - a +1 robe (worn)
 e - a +2 helmet (worn)
Jewellery
 f - an amulet of regeneration (around neck)
 i - a ring of see invisible (left hand)
 m - a ring of protection from cold
 o - the ring "Niad" (right hand) {rPois rC+}
   (You found it on level 4 of the Dungeon)

   [ring of protection from cold]

   rC+:       It protects you from cold.
   rPois:     It protects you from poison
Scrolls
 k - a scroll of blinking
Potions
 d - 3 potions of lignification
 g - 3 potions of curing
 h - a potion of brilliance {unknown}
 j - a potion of degeneration {unknown}
 l - a potion of heal wounds {unknown}
 n - 3 potions of magic
 p - a potion of mutation {unknown}
 q - a potion of enlightenment {unknown}


   Skills:
 + Level 3.1 Short Blades
 - Level 2.4 Dodging
 - Level 2.4 Stealth
 - Level 3.4 Spellcasting
 - Level 1.1 Transmutations
 + Level 6.5 Earth Magic


You had 10 spell levels left.
You knew the following spells:

 Your Spells              Type           Power      Damage    Failure   Level
a - Sandblast             Erth           58%        2d13      1%          1

Your spell library contained the following spells:

 Spells                   Type           Power      Damage    Failure   Level
 Passwall                 Tmut/Erth      15%        N/A       4%          2
 Stone Arrow              Conj/Erth      32%        3d9       11%         3
 Petrify                  Tmut/Erth      18%        N/A       28%         4
 Brom's Barrelling Bould  Conj/Erth      16%        2d4       34%         4
 Summon Forest            Summ/Tloc      1%         N/A       98%         5
 Eringya's Noxious Bog    Tmut/Pois      2%         4d6       100%        6
 Summon Hydra             Summ           1%         N/A       100%        7


Dungeon Overview and Level Annotations

Branches:
Dungeon (5/15)             Temple (0/1) D:4

Altars:
Uskayaw
Vehumet

Shops:
D:3 *


Message History

* * * LOW HITPOINT WARNING * * *
You are too injured to fight recklessly!
Casting: Sandblast (safe; 1% risk of failure)
Confirm with . or Enter, or press ? or * to list all spells.
Aiming: Sandblast (safe; 1% risk of failure)
Press: ? - help, Shift-Dir - straight line, f/p - sleepcap
Aim: a sleepcap (lightly damaged, 100% to hit)
The blast of sand hits the sleepcap but does no damage.
The sleepcap is lightly damaged.
The sleepcap misses you.
Casting: Sandblast (safe; 1% risk of failure)
Confirm with . or Enter, or press ? or * to list all spells.
Aiming: Sandblast (safe; 1% risk of failure)
Press: ? - help, Shift-Dir - straight line, f - jelly, p - sleepcap
Aim: a jelly (100% to hit)
The blast of sand hits the sleepcap.
The sleepcap is moderately damaged.
The sleepcap barely misses you. x2; The jelly barely misses you.
Casting: Sandblast (safe; 1% risk of failure)
Confirm with . or Enter, or press ? or * to list all spells.
Aiming: Sandblast (safe; 1% risk of failure)
Press: ? - help, Shift-Dir - straight line, f/p - jelly
Aim: a jelly (100% to hit)
The blast of sand hits the jelly!
The jelly is severely wounded.
The jelly barely misses you. The sleepcap releases spores at you.
Casting: Sandblast (safe; 1% risk of failure)
Confirm with . or Enter, or press ? or * to list all spells.
Aiming: Sandblast (safe; 1% risk of failure)
Press: ? - help, Shift-Dir - straight line, f/p - jelly
Aim: a jelly (severely wounded, 100% to hit)
The blast of sand hits the jelly!
You kill the jelly!
Vehumet accepts your kill.
The sleepcap releases spores at you but does no damage.
The sleepcap releases spores at you.
You are engulfed in a cloud of soporific spores!
You fall asleep.
The sleepcap releases spores at you!
You die...

....###......#................
...##........##..###........
....##......####.#.##......
...........#####...#......
....##..................
....##......##.........
..............###.>...
..#......##.......##..
....##..##......@.#
.##.............#f...... .
.....#.##.......[.....
........#........... .
$..$##..##.#...( ....# #...
.##... ..#. ##.# #. ... #.. ..
.#


You could see a sleepcap.

Levels and vault maps discovered:
D:1:      saegor_arrival_simple_c, layout_loops_ring
D:2:      layout_loops_corners
D:3:      layout_basic, serial_shops, shop
D:4:      layout_gridville, vehumet_crystals, minmay_temple_entry_gardened_gates
D:5:      layout_cave_pools, chequers_temple_overflow_statue_of_worship,
          yredelemnul_forgotten_temple_becter, eat_drink_and_be_merry_uskayaw

Notes
Turn   | Place    | Note
-------+----------+-------------------------------------------
     0 | D:1      | tbh1313 the Deep Elf Earth Elementalist began the quest for
                  | the Orb.
     0 | D:1      | Reached XP level 1. HP: 10/10 MP: 6/6
   164 | D:1      | Reached XP level 2. HP: 12/15 MP: 4/8
   235 | D:1      | Reached skill level 4 in Earth Magic
   575 | D:1      | Reached XP level 3. HP: 19/19 MP: 7/9
  1059 | D:2      | Reached skill level 1 in Short Blades
  1289 | D:2      | Reached skill level 5 in Earth Magic
  1289 | D:2      | Reached XP level 4. HP: 24/24 MP: 8/11
  2173 | D:3      | Reached XP level 5. HP: 14/28 MP: 5/12
  2720 | D:3      | Found Lahaixocs's Assorted Antiques.
  2729 | D:3      | Bought a scroll labelled USHRUH MUIHYORCHAM for 17 gold
                  | pieces
  3048 | D:4      | Found a staircase to the Ecumenical Temple.
  3106 | D:4      | Found a radiant altar of Vehumet.
  3271 | D:4      | Became a worshipper of Vehumet
  3291 | D:4      | Identified the ring "Niad" {rPois rC+}
  3517 | D:4      | Reached skill level 6 in Earth Magic
  3621 | D:5      | Entered Level 5 of the Dungeon
  3661 | D:5      | Reached XP level 6. HP: 32/32 MP: 8/13
  3663 | D:5      | Noticed an orc warrior
  3727 | D:5      | Found a hide-covered altar of Uskayaw.
  3740 | D:5      | Identified the +6 sling "Dilimi" {antimagic, Will+ Str+5
                  | Int+3}
  3775 | D:5      | Slain by a sleepcap

Table legend: (Time is in decaauts)
 A = Elapsed time spent in this place.
 B = Non-inter-level travel time spent in this place.
 C = Inter-level travel time spent in this place.
 D = Time resting spent in this place.
 E = Time spent auto-exploring this place.
 F = Levels seen in this place.
 G = Mean time per level.
                   A        B        C        D        E       F      G
               +--------+--------+--------+--------+--------+-----+--------+
         Total |   3820 |   3624 |    196 |    148 |   2940 |   5 |  764.0 |
       Dungeon |   3820 |   3624 |    196 |    148 |   2940 |   5 |  764.0 |
               +--------+--------+--------+--------+--------+-----+--------+

Top non-repeatable levels by time:
     D:2: 1058 daAuts
     D:3: 1037 daAuts
     D:1: 802 daAuts
     D:4: 780 daAuts
     D:5: 140 daAuts

Table legend:
 A = Kills in this place as a percentage of kills in the entire game.
 B = Kills by you in this place as a percentage of kills by you in the entire game.
 C = Kills by friends in this place as a percentage of kills by friends in the entire game.
 D = Other kills in this place as a percentage of other kills in the entire game.
 E = Experience gained in this place as a percentage of experience gained in the entire game.
 F = Experience gained in this place divided by the number of levels of this place that you have seen.
                   A       B       C       D       E      F
               +-------+-------+-------+-------+-------+----------------------
         Total | 100.0 | 100.0 |   N/A |   N/A | 100.0 |  89.6
       Dungeon | 100.0 | 100.0 |   N/A |   N/A | 100.0 |  89.6
               +-------+-------+-------+-------+-------+----------------------

Action                     |  1- 3 |  4- 6 || total
---------------------------+-------+-------++-------
  Melee: Club              |     2 |       ||     2
         Short sword       |    15 |    40 ||    55
         Punch             |     1 |     1 ||     2
   Cast: Sandblast         |    44 |    61 ||   105
    Use: Scroll            |     7 |     7 ||    14
         Potion            |       |     1 ||     1
   Stab: Sleeping          |     2 |     2 ||     4
 Armour: Robe              |    18 |    36 ||    54
  Dodge: Dodged            |    15 |    53 ||    68

Vanquished Creatures
  A bullfrog (D:5)
  A jelly (D:5)
  An orc priest (D:3)
  A hound (D:5)
  6 adders
  3 worms
  2 dart slugs
  5 orcs (D:3)
  6 ball pythons
  4 bats
  5 endoplasms
  4 giant cockroaches
  10 goblins
  11 hobgoblins
  5 jackals
  6 quokkas
  5 frilled lizards
  10 kobolds
  2 rats
88 creatures vanquished.
